 Dungeon Crawl Stone Soup version 0.20-a0-893-g832831a (webtiles) character file.

375 kroki the Ruffian (level 6, -3/50 HPs)
             Began as a Ghoul Gladiator on Mar 16, 2017.
             Slain by Sigmund
             ... wielding a +0 scythe of freezing
              (11 damage)
             ... on level 3 of the Dungeon.
             The game lasted 00:04:44 (3414 turns).

kroki the Ruffian (Ghoul Gladiator)                 Turns: 3414, Time: 00:04:44

Health: -3/50      AC:  5    Str: 14 (18) XL:     6   Next: 73%
Magic:  5/5        EV: 11    Int:  5 (8)  God:
Gold:   149        SH:  3    Dex:  9 (12) Spells: 5/5 levels left

rFire    . . .     SeeInvis .     - Unarmed
rCold    + . .     Gourm    .   a - +0 leather armour
rNeg     + + +     Faith    .   k - +0 buckler
rPois    ∞         Spirit   .   b - +0 helmet
rElec    .         Reflect  .   (no cloak)
rCorr    .         Harm     .   (no gloves)
MR       .....                  m - +0 pair of boots
Stlth    +.........             (no amulet)
Regen    0.0/turn               (no ring)
MPRegen  0.1/turn               (no ring)

@: brilliant, about to teleport, rotting
A: rotting body, claws 1, carnivore 3, cold resistance 1, negative energy
resistance 3, inhibited regeneration, torment resistance, unbreathing
a: no special abilities


You were on level 3 of the Dungeon.
You were not hungry.

You visited 1 branch of the dungeon, and saw 3 of its levels.

You collected 149 gold pieces.

Inventory:

Armour
 a - a +0 leather armour (worn)
 b - a +0 helmet (worn)
 k - a +0 buckler (worn)
   (You found it on level 1 of the Dungeon)
 m - a +0 pair of boots (worn)
   (You found it on level 1 of the Dungeon)
Jewellery
 l - a cursed ring of teleportation {unknown}
   (You found it on level 1 of the Dungeon)
Scrolls
 e - 2 scrolls of immolation {!r}
 h - a scroll of fog {unknown}
 i - a scroll of enchant weapon {unknown}
 j - a scroll of blinking {unknown}
 r - a scroll of amnesia
Potions
 q - a potion of lignification
Comestibles
 d - a meat ration {@e2}
 g - 6 chunks of flesh {@w0}


   Skills:
 + Level 2.6 Fighting
 - Level 1.7 Throwing
 - Level 2.6 Dodging
 + Level 0.8 Shields
 + Level 7.7 Unarmed Combat


You had 5 spell levels left.
You didn't know any spells.

Dungeon Overview and Level Annotations

Branches:
Dungeon (3/15)

Altars:
Gozag
Xom

Annotations:
D:3 Sigmund


Innate Abilities, Weirdness & Mutations

Your body is rotting away.
You thrive on raw meat.
You are immune to poison.
You have sharp fingernails.
You are carnivorous and can eat meat at any time.
Your flesh is cold resistant. (rC+)
You are immune to negative energy. (rN+++)
You do not regenerate when monsters are visible.
You are immune to unholy pain and torment.
You can survive without breathing.


Message History

The hobgoblin closely misses you.
You completely miss the hobgoblin.
The hobgoblin hits you but does no damage.
You mangle the hobgoblin!!
You kill the hobgoblin!
You see here a club.
There is an open door here.
What are your orders? t - Shout!
Orders for allies: a - Attack new target. r - Retreat! s - Stop attacking. g - Guard the area. f - Follow me.
Anything else - Cancel.
You shout for attention!
Sigmund zaps a wand.
The puff of flame hits you!
An orc comes into view. It is wielding a short sword.
There is an open door here.
You see here a club.
You close the door.
Something unseen opens the door.
Okay, then.
You start resting.
Aim: Sigmund, wielding a scythe of freezing, wearing a robe and carrying a wand of flame (?/48) {zapped: 2} You throw a throwing net {=f, !d, =q}.
The throwing net {=f, !d, =q} barely misses Sigmund.
Sigmund gestures at you while chanting. The puff of flame misses you.
Sigmund barely misses you.
There is an open door here.
The orc hits you with a short sword.
Sigmund points at you and mumbles some strange words.
You are confused.
You miss Sigmund. The orc hits you but does no damage.
Sigmund hits you with a scythe of freezing.
You bump into the rock wall.
The orc misses you.
You bump into the rock wall.
The orc hits you but does no damage. Sigmund closely misses you.
The orc throws a poisoned tomahawk.
The poisoned tomahawk hits you but does no damage.
Sigmund zaps a wand.
The puff of flame hits you!
You see here a poisoned tomahawk.
Unknown command.
It was a potion of lignification.
You feel woody for a moment.
The orc sings a few bars from the Orcish anthem.
The orc throws a poisoned tomahawk.
The poisoned tomahawk closely misses you.
Sigmund closely misses you.
It was a potion of degeneration.
There was something very wrong with that liquid.
You feel weakened.
You feel dopey.
You feel clumsy.
It was a potion of curing.
You feel better. The orc hits you with a short sword.
Sigmund closely misses you.
Unknown command.
It was a potion of brilliance.
You feel clever all of a sudden. The orc hits you but does no damage.
Sigmund hits you but does no damage.
Unknown command.
It was a potion of mutation.
You feel extremely strange.
Your body decomposes!
You feel weakened.
Your body decomposes!
You feel clumsy.
Your body decomposes!
You feel clumsy.
Your body decomposes!
You feel dopey. The orc hits you with a short sword.
Okay, then.
You scratch Sigmund. The orc barely misses you. Sigmund closely misses you.
You scratch Sigmund. The orc hits you but does no damage.
You scratch Sigmund but do no damage. Sigmund barely misses you.
The orc barely misses you.
You closely miss Sigmund. The orc barely misses you.
Sigmund hits you with a scythe of freezing!
Sigmund freezes you.
You claw Sigmund! The orc closely misses you.
You closely miss Sigmund. You block Sigmund's attack. The orc misses you.
You closely miss Sigmund. The orc closely misses you.
You scratch Sigmund but do no damage.
Sigmund zaps a wand.
The puff of flame hits you!
* * * LOW HITPOINT WARNING * * *
You closely miss Sigmund. The orc hits you but does no damage.
Sigmund zaps a wand.
The puff of flame hits you!
* * * LOW HITPOINT WARNING * * *
As you read the scroll labeled PUFOHY SISYS, it crumbles to dust.
You hear a loud clanging noise!
It was a scroll of noise.
You hear a shout! x3
The orc closely misses you. Sigmund closely misses you.
Unknown command.
As you read the scroll labeled DAOGOFA AFACO, it crumbles to dust.
You feel strangely unstable.
It was a scroll of teleportation.
The orc hits you but does no damage.
Sigmund hits you with a scythe of freezing!
You die...

#. #.# ##.#. #.# #....
#.#
.....########.########
.(...................)
..(...................
..............########
####...PP....#
#.)#@..####..########
#%)'o@.#..#..........
#####..)(.#..########
#.)####..########
#...'..P..P..#.......
#...#........#.######
##'##..####..#.# #..
...# #..#.###### #.
#.⌠.' #........##


You could see Sigmund and an orc.

Vanquished Creatures
  Grinder (D:3)
  2 crimson imps (D:3)
  5 adders
  An ooze (D:3)
  A worm (D:2)
  A dart slug (D:2)
  2 leopard geckos
  3 orcs (D:3)
  2 giant cockroaches
  6 goblins
  10 hobgoblins
  6 jackals
  A quokka (D:2)
  A ball python (D:3)
  8 bats
  5 frilled lizards
  5 kobolds
  5 rats
65 creatures vanquished.

Notes
Turn   | Place    | Note
-------+----------+-------------------------------------------
     0 | D:1      | kroki the Ghoul Gladiator began the quest for the Orb.
     0 | D:1      | Reached XP level 1. HP: 17/17 MP: 0/0
   445 | D:1      | Reached XP level 2. HP: 24/24 MP: 1/1
   513 | D:1      | Reached skill level 4 in Unarmed Combat
  1167 | D:2      | Reached XP level 3. HP: 29/29 MP: 2/2
  1552 | D:2      | Found an opulent altar of Gozag.
  1641 | D:2      | Reached skill level 5 in Unarmed Combat
  2040 | D:2      | Reached XP level 4. HP: 36/36 MP: 3/3
  2288 | D:3      | Found a shimmering altar of Xom.
  2588 | D:3      | Noticed Sigmund
  2806 | D:3      | Noticed Grinder
  2842 | D:3      | Paralysed by Grinder for 2 turns
  2847 | D:3      | Killed Grinder
  2847 | D:3      | Reached skill level 7 in Unarmed Combat
  2847 | D:3      | Reached XP level 5. HP: 21/41 MP: 4/4
  2847 | D:3      | Reached XP level 6. HP: 24/48 MP: 5/5
  3412 | D:3      | HP: 8/50 [Sigmund/wand of flame (?/48) (7)]
  3414 | D:3      | Slain by Sigmund

Vault maps used:
D:1:      onia_arrival_pentagram
D:2:      first_bread, nicolae_gozag_seed_capital
D:3:      corexii_shack_village, led_xom_imps, kennysheep_generic_room_16,
          uniq_grinder, uniq_sigmund

Skill      XL: |  1  2  3  4 |
---------------+-------------+-----
Unarmed Combat | 4 5 7 |  7.7
Fighting       | |  2.6
Throwing       | |  1.7
Dodging        | |  2.6
Shields        | |  0.8

Action                   |  1- 3 |  4- 6 || total
-------------------------+-------+-------++-------
Melee: Unarmed           |   117 |   131 ||   248
       Punch             |     1 |       ||     1
Throw: Throwing net      |       |     6 ||     6
  Use: Scroll            |     1 |     3 ||     4
       Potion            |       |     5 ||     5
 Stab: Held in net/web   |       |     4 ||     4
  Eat: Chunk             |     4 |     5 ||     9
       Meat ration       |       |     1 ||     1
Armor: Leather armour    |    37 |    32 ||    69
Dodge: Dodged            |    82 |    57 ||   139
Block: Buckler           |    11 |    10 ||    21

Vault maps used:
D:1:      onia_arrival_pentagram
D:2:      first_bread, nicolae_gozag_seed_capital
D:3:      corexii_shack_village, led_xom_imps, kennysheep_generic_room_16,
          uniq_grinder, uniq_sigmund

Table legend:
 A = Turns spent in this place as a percentage of turns spent in the entire game.
 B = Non-inter-level travel turns spent in this place as a percentage of non-inter-level travel turns spent in the entire game.
 C = Inter-level travel turns spent in this place as a percentage of turns spent in this place.
 D = Turns resting spent in this place as a percentage of non-inter-level travel turns spent in this place.
 E = Turns spent auto-exploring this place as a percentage of non-inter-level travel turns spent in this place.
 F = Non-inter-level travel turns spent in this place divided by the number of levels of this place that you've seen.
                   A       B       C       D       E      F
               +-------+-------+-------+-------+-------+----------------------
         Total | 100.0 | 100.0 |   0.5 |   1.0 |   7.3 | 447.0
       Dungeon | 100.0 | 100.0 |   0.5 |   1.0 |   7.3 | 447.0
               +-------+-------+-------+-------+-------+----------------------

Table legend:
 A = Kills in this place as a percentage of kills in entire the game.
 B = Kills by you in this place as a percentage of kills by you in the entire game.
 C = Kills by friends in this place as a percentage of kills by friends in the entire game.
 D = Other kills in this place as a percentage of other kills in the entire game.
 E = Experience gained in this place as a percentage of experience gained in the entire game.
 F = Experience gained in this place divided by the number of levels of this place that you have seen.
                   A       B       C       D       E      F
               +-------+-------+-------+-------+-------+----------------------
         Total | 100.0 | 100.0 |  -nan |  -nan | 100.0 | 179.0
       Dungeon | 100.0 | 100.0 |  -nan |  -nan | 100.0 | 179.0
               +-------+-------+-------+-------+-------+----------------------
